 Dungeon Crawl Stone Soup version 0.29-a0-973-gac7da5f7f0 (webtiles) character file.

Game seed: 12154346053645758664

1722 concernfroge the Fighter (level 8, 0/72 HPs)
             Began as a Mummy Monk on July 31, 2022.
             Was a Believer of Cheibriados.
             Slain by a harpy (11 damage)
             ... on level 8 of the Dungeon.
             The game lasted 00:19:46 (5533 turns).

concernfroge the Fighter (Mummy Monk)               Turns: 5533, Time: 00:19:46

Health: 0/72       AC: 15    Str: 21    XL:     8   Next: 75%
Magic:  8/10       EV:  8    Int: 15    God:    Cheibriados [**....]
Gold:   449        SH:  0    Dex: 19    Spells: 7/7 levels left

rFire   . . .      SeeInvis .   f - +2 dire flail (protect)
rCold   . . .      Faith    .   (shield currently unavailable)
rNeg    + + +      Spirit   .   a - +0 chain mail
rPois   ∞          Reflect  .   (no helmet)
rElec   .          Harm     .   (no cloak)
rCorr   +          Rampage  .   (no gloves)
Will    +....                   (no boots)
Stlth   ..........              h - amulet of regeneration
HPRegen 1.02/turn               e - ring of resist corrosion
MPRegen 0.12/turn               b - ring of fire

@: under a protective aura, very slow
A: cold resistance 1, negative energy resistance 3, torment resistance 2, heat
vulnerability 1, in touch with death 1, no potions
a: Renounce Religion, Bend Time


You were on level 8 of the Dungeon.
You worshipped Cheibriados.
Cheibriados was pleased with you.
You visited 2 branches of the dungeon, and saw 9 of its levels.

You collected 449 gold pieces.

Inventory:

Hand Weapons
 f - a +2 dire flail of protection (weapon)
 j - a +0 shortbow
Missiles
 g - a throwing net
 i - 10 poisoned darts (quivered)
Armour
 a - a +0 chain mail (worn)
Jewellery
 b - a ring of fire (right hand)
 e - a ring of resist corrosion (left hand)
 h - an amulet of regeneration (around neck)
Wands
 d - a wand of polymorph (5)
Scrolls
 c - 4 scrolls of identify


   Skills:
 - Level 10.0 Fighting
 + Level 3.8 Maces & Flails
 - Level 2.4 Polearms
 - Level 2.4 Dodging
 - Level 1.5 Stealth
 + Level 3.1 Invocations


You had 7 spell levels left.
You didn't know any spells.
Your spell library contained the following spells:

 Spells                   Type           Power      Damage    Failure   Level
 Corpse Rot               Necr/Pois/Air  0%         N/A       100%        4
 Dispel Undead            Necr           0%         3d6       100%        4
 Death Channel            Necr           0%         N/A       100%        6


Dungeon Overview and Level Annotations

Branches:
Dungeon (7/15)             Temple (1/1) D:6

Altars:
Cheibriados
Dithmenos
Fedhas
Gozag
Hepliaklqana
Kikubaaqudgha
Makhleb
Qazlal
Trog
Wu Jian
Yredelemnul

Shops:
D:2 :

Annotations:
D:3 Pargi
D:4 Eustachio; Sigmund
D:5 2 runed translucent doors, Yogidamonk's ghost, novice MiFi
D:6 Prince Ribbit
D:8 Maggie


Innate Abilities, Weirdness & Mutations

You are immune to poison.
Your flesh is cold resistant. (rC+)
You are immune to negative energy. (rN+++)
You are immune to unholy pain and torment.
You are vulnerable to heat. (rF-)
You are in touch with the powers of death.
You do not drink.


Message History

Okay, then.
Aiming: Polymorph
Press: ? - help, Shift-Dir - straight line, f - hornet
Aim: a hornet (will become a queen bee, a golden eye, or a harpy, chance to affect: 39%)
The hornet evaporates and reforms as a harpy!
The harpy claws you. x2
The flow of time bends around you.
Cheibriados rebukes the harpy.
The harpy seems to slow down.
The harpy screeches!
The harpy claws you. x2
You hit the harpy.
Your weapon exudes an aura of protection.
The harpy is lightly wounded.
The harpy claws you but does no damage. x2
The sentinel's mark upon you fades away.
You sock the harpy!
The harpy is heavily wounded.
The harpy claws you but does no damage. x2; The harpy barely misses you.
The harpy claws you.
You sock the harpy!
The harpy is severely wounded.
The harpy claws you! The harpy claws you.
* * * LOW HITPOINT WARNING * * *
The harpy claws you.
* * * LOW HITPOINT WARNING * * *
The harpy claws you!
* * * LOW HITPOINT WARNING * * *
You barely miss the harpy.
The harpy is severely wounded.
The harpy claws you but does no damage. The harpy barely misses you.
An orc priest comes into view. It is wielding a +0 dagger.
You barely miss the harpy.
The harpy is severely wounded.
The harpy claws you.
* * * LOW HITPOINT WARNING * * *
The harpy closely misses you.
The harpy screeches!
The harpy claws you!
You die...

#... #+# #... #.#
#####).. #.#
..K....) #.#
#######.. #.#
......... #.#
##....###.# #.#
#.+.....#.)# #@#
#.# ...#)## #H#
#.#.....#.# #)#
#.#.....#.# #o#
..+.....#.#
#.#####.#....##K##
#...K.............
#######.#######.##
#.........#
###########


You could see a harpy (slow) and an orc priest.

Vanquished Creatures
  Pikel (D:5)
  Psyche (D:8)
  An ice beast (D:5)
  A centaur (D:8)
  A kobold brigand (D:8)
  A necrophage (D:6)
  2 bullfrogs (D:8)
  3 scorpions
  2 jellies
  3 hounds
  An iguana (D:5)
  2 gnolls (D:6)
  7 adders
  2 white imps
  An ufetubus (D:5)
  A worm (D:2)
  2 dart slugs
  An orc (D:8)
  6 endoplasms
  6 giant cockroaches
  3 goblins (D:1)
  3 hobgoblins
  9 kobolds
  4 quokkas
  2 ball pythons
  2 bats (D:1)
  2 frilled lizards
  A goblin zombie (D:4)
  3 hobgoblin zombies (D:4)
  2 kobold skeletons (D:4)
  3 kobold zombies (D:4)
  2 rats
81 creatures vanquished.

Vanquished Creatures (collateral kills)
  Edmund (D:5)
  An iguana (D:5)
2 creatures vanquished.

Vanquished Creatures (others)
  2 orcs (D:8)
  A kobold (D:8)
  A plant (D:2)
4 creatures vanquished.

Grand Total: 87 creatures vanquished

Notes
Turn   | Place    | Note
-------+----------+-------------------------------------------
     0 | D:1      | concernfroge the Mummy Monk began the quest for the Orb.
     0 | D:1      | Reached XP level 1. HP: 18/18 MP: 1/1
    43 | D:1      | Found a faded altar of an unknown god.
   270 | D:1      | Reached XP level 2. HP: 22/24 MP: 2/2
  1031 | D:2      | Reached skill level 4 in Fighting
  1422 | D:2      | Gained mutation: You are in touch with the powers of death.
                  | [Mummy growth]
  1422 | D:2      | Reached XP level 3. HP: 28/31 MP: 3/3
  1636 | D:2      | Found Mequary's Book Emporium.
  2044 | D:3      | Reached XP level 4. HP: 38/38 MP: 4/4
  2070 | D:3      | Reached skill level 5 in Fighting
  2206 | D:3      | Noticed Pargi
  2412 | D:4      | Identified the +8 rapier of Potitu {flame, rPois rF+ Int+7
                  | Dex-3}
  2442 | D:4      | Reached XP level 5. HP: 44/46 MP: 5/5
  2463 | D:4      | Noticed Sigmund
  2503 | D:4      | Noticed Eustachio
  2513 | D:5      | Entered Level 5 of the Dungeon
  2522 | D:5      | Reached skill level 6 in Fighting
  2728 | D:5      | Reached XP level 6. HP: 50/53 MP: 6/6
  2957 | D:5      | Noticed an ice beast
  2971 | D:5      | Killed an ice beast
  2972 | D:5      | Reached skill level 7 in Fighting
  2999 | D:5      | Found a runed translucent door.
  2999 | D:5      | Noticed Edmund
  2999 | D:5      | Noticed Yogidamonk's ghost (novice MiFi)
  3009 | D:5      | Killed Edmund
  3010 | D:5      | Reached skill level 8 in Fighting
  3013 | D:5      | Reached XP level 7. HP: 4/62 MP: 7/7
  3021 | D:5      | Noticed Pikel
  3313 | D:5      | Killed Pikel
  3314 | D:5      | Reached skill level 9 in Fighting
  3540 | D:5      | Found a runed translucent door.
  3576 | D:5      | Reached XP level 8. HP: 72/72 MP: 8/8
  3940 | D:7      | Noticed a two-headed ogre
  4398 | D:6      | Found a staircase to the Ecumenical Temple.
  4413 | Temple   | Entered the Ecumenical Temple
  4630 | Temple   | Became a worshipper of Cheibriados the Contemplative
  4630 | Temple   | Reached * piety under Cheibriados
  4630 | Temple   | Reached ** piety under Cheibriados
  4723 | D:6      | Reached skill level 10 in Fighting
  4723 | D:6      | Reached skill level 1 in Maces & Flails
  4778 | D:6      | Found a bloodstained altar of Trog.
  5210 | D:6      | Noticed Prince Ribbit
  5270 | D:7      | You fall into a shaft and drop 1 floor!
  5288 | D:8      | Reached skill level 1 in Invocations
  5350 | D:8      | Found a hazy altar of Hepliaklqana.
  5455 | D:8      | Noticed Maggie
  5462 | D:8      | Noticed Psyche
  5518 | D:8      | Killed Psyche
  5524 | D:8      | Noticed a hornet
  5525 | D:8      | Noticed a harpy
  5525 | D:8      | a hornet changed into a harpy
  5533 | D:8      | Slain by a harpy

Illustrated notes

Levels and vault maps discovered:
D:1:      spicycebolla_arrival_risky_transporter, layout_loops_corners,
          basic_ecumenical_altar, minmay_stone_trees_medium,
          ebering_dispersal_statue_hall, skrybe_limestone_x
D:2:      layout_loops_cross, serial_forest, infiniplex_forest_clump_small,
          infiniplex_forest_lined_3, infiniplex_forest_corner_1,
          infiniplex_forest_clump_small, infiniplex_forest_corner_2,
          infiniplex_forest_split, infiniplex_forest_zigzag_1,
          infiniplex_forest_side_room, serial_shops, shop
D:3:      layout_basic, uniq_pargi
D:4:      layout_cave_pools, lemuel_coloured_pillars_altar,
          nicolae_tso_besieged_by_evil, uniq_eustachio, uniq_sigmund
D:5:      cheibrodos_iron_armory, layout_basic, ebering_ghost_sewer_f,
          uniq_pikel, uniq_edmund
D:6:      layout_basic, trog_three_pillars_becter,
          minmay_temple_entry_large_hall, chequers_decorated_corner,
          uniq_prince_ribbit1
D:7:      layout_loops_ring, okawaru_altar_gauntlet_db, lemuel_round_altar,
          kennysheep_mini_moat, ashenzari_altar_1
D:8:      minmay_the_grid_triangle_9x9_recursive_2
          [minmay_the_grid_triangle_9x9_prize_special,
          minmay_the_grid_triangle_9x9_fully_insulated_deathbox,
          minmay_the_grid_triangle_9x9_thin_v,
          minmay_the_grid_triangle_9x9_zippers_vertical], layout_basic,
          amcnicky_altar_gilded, vehumet_crystals, uniq_psyche, uniq_maggie,
          uniq_amaemon, uniq_erica
Temple:   bh_familiar_temple

Skill      XL: |  1  2  3  4  5  6  7  8 |
---------------+-------------------------+-----
Fighting       | 4 5 6 8 9 10 | 10.0
Maces & Flails | 3 |  3.8
Invocations    | 3 |  3.1
Polearms       | |  2.4
Dodging        | |  2.4
Stealth        | |  1.5

Action                   |  1- 3 |  4- 6 |  7- 9 || total
-------------------------+-------+-------+-------++-------
Melee: Spear             |    44 |       |       ||    44
       Trident           |    59 |    62 |       ||   121
       Punch             |     2 |     2 |       ||     4
       Rapier            |       |    37 |       ||    37
       Dire flail        |       |       |    93 ||    93
Invok: Bend Time         |       |       |     1 ||     1
Evoke: Wand              |       |       |     1 ||     1
  Use: Scroll            |       |     4 |     7 ||    11
 Stab: Sleeping          |     2 |       |       ||     2
Armor: Ring mail         |    17 |    23 |       ||    40
       Robe              |     3 |       |       ||     3
       Chain mail        |       |     4 |    69 ||    73
Dodge: Dodged            |    41 |    45 |    43 ||   129

Table legend: (Time is in decaauts)
 A = Elapsed time spent in this place.
 B = Non-inter-level travel time spent in this place.
 C = Inter-level travel time spent in this place.
 D = Time resting spent in this place.
 E = Time spent auto-exploring this place.
 F = Levels seen in this place.
 G = Mean time per level.
                   A        B        C        D        E       F      G
               +--------+--------+--------+--------+--------+-----+--------+
         Total |   5870 |   5492 |    378 |    509 |   4067 |   9 |  652.2 |
       Dungeon |   5634 |   5301 |    333 |    509 |   3879 |   8 |  704.2 |
        Temple |    236 |    192 |     44 |      0 |    188 |   1 |  236.0 |
               +--------+--------+--------+--------+--------+-----+--------+

Top non-repeatable levels by time:
     D:6: 1188 daAuts
     D:5: 1188 daAuts
     D:1: 1025 daAuts
     D:2: 911 daAuts
     D:4: 614 daAuts
     D:8: 348 daAuts
     D:3: 295 daAuts
  Temple: 236 daAuts
     D:7: 62 daAuts
